Map: Deathaura LE

Players

PiLiPiLi - Winner!

  • Race: Protoss Protoss
  • League: Grandmaster
  • Spawn Location: 5:00

Namshar

  • Race: Zerg Zerg
  • League: Grandmaster
  • Spawn Location: 11:00

Event: DreamHack SC2 Masters 2020 Winter

VOD

Have the link to the VOD?

Description

Time

  • Played on: Nov. 5, 2020, 5:43 p.m.
  • Length: 9:47

All games in this series

Show
View Real Time Build Order
Export as new Build Order

PiLiPiLi Protoss - Winner!

Build Orders:  

Get SALT Encoding   

  12  0:00  Probe  
  13  0:12  Probe  
  14  0:18  Pylon  
  14  0:25  Probe (Chrono Boost)  
  15  0:37  Probe (Chrono Boost)  
  15  0:38  Gateway  
  16  0:45  Probe (Chrono Boost)  
  16  0:48  Assimilator  
  17  0:51  Probe  
  18  1:03  Probe  
  19  1:15  Probe  
  20  1:23  Gateway  
  20  1:25  Cybernetics Core  
  20  1:27  Zealot, Probe  
  23  1:34  Pylon  
  23  1:49  Pylon  
  22  2:01  Adept (Chrono Boost)  
  22  2:02  Probe  
  25  2:08  Adept (Chrono Boost)  
  25  2:14  Warp Gate  
  27  2:16  Probe  
  28  2:28  Probe  
  28  2:29  Adept  
  31  2:42  Nexus  
  31  2:47  Assimilator  
  31  3:00  Pylon  
  31  3:01  Shield Battery  
  31  3:15  Robotics Facility  
  31  3:16  Stalker (Chrono Boost)  
  31  3:18  Probe  
  34  3:30  Probe  
  35  3:36  Shield Battery  
  35  3:48  Pylon  
  35  3:52  Pylon  
  35  4:07  Immortal (Chrono Boost)  
  39  4:23  Probe x2  
  41  4:28  Sentry  
  39  4:35  Probe  
  39  4:36  Probe  
  41  4:39  Sentry  
  41  4:40  Immortal (Chrono Boost)  
  41  4:43  Phoenix  
  47  4:47  Probe  
  47  4:48  Probe  
  49  4:58  Gateway  
  49  4:59  Probe  
  50  5:00  Probe  
  50  5:06  Sentry  
  53  5:08  Pylon  
  53  5:11  Probe  
  53  5:12  Probe  
  55  5:16  Warp Prism  
  57  5:23  Gateway, Probe  
  58  5:28  Gateway  
  58  5:35  Probe x2  
  60  5:40  Assimilator  
  60  5:42  Assimilator, Robotics Bay  
  60  5:47  Pylon, Probe x2  
  62  5:50  Pylon  
  62  6:06  Probe  
  62  6:07  Probe  
  62  6:08  Observer  
  65  6:17  Pylon  
  65  6:18  Probe, Sentry  
  68  6:19  Probe  
  68  6:25  Forge, Twilight Council  
  69  6:30  Probe  
  69  6:32  Disruptor (Chrono Boost)  
  70  6:38  Probe  
  74  6:44  Probe  
  74  6:45  Gateway  
  75  6:48  Gravitic Drive, Pylon  
  75  6:50  Pylon  
  75  6:58  Probe  
  75  6:59  Protoss Ground Weapons Level 1  
  76  7:07  Blink (Chrono Boost)  
  76  7:20  Zealot x4  
  76  7:22  Colossus (Chrono Boost)  
  90  7:49  Extended Thermal Lance  
  90  7:52  Gateway, Probe x2  
  90  7:53  Gateway  
  90  7:55  Gateway  
  92  7:59  Colossus (Chrono Boost)  
  92  8:00  Gateway  
  97  8:16  Pylon  
  97  8:20  Stalker x2  
  97  8:23  Nexus  
  97  8:25  Pylon  
  101  8:31  Pylon  
  101  8:39  Colossus (Chrono Boost)  
  101  8:45  Probe x2  
  109  8:49  Stalker, Shield Battery  
  109  8:50  Stalker, Photon Cannon  
  109  8:52  Photon Cannon  
  109  8:55  Stalker  
  115  8:56  Sentry  
  115  9:02  Stalker x2  
  121  9:05  Zealot  
  123  9:14  Zealot  
  123  9:15  Zealot  
  121  9:25  Zealot x3  
  116  9:41  Stalker x2  
Show
View Real Time Build Order
Export as new Build Order

Namshar Zerg 

Build Orders: Pool First 

Get SALT Encoding   

  12  0:00  Drone  
  13  0:12  Overlord  
  13  0:16  Drone  
  14  0:30  Drone x2  
  16  0:41  Spawning Pool  
  15  0:45  Drone  
  17  0:50  Drone  
  17  1:12  Extractor, Hatchery  
  17  1:17  Drone  
  16  1:19  Drone  
  17  1:27  Zergling x2  
  17  1:30  Zergling x2  
  19  1:36  Queen  
  21  1:45  Overlord  
  21  2:03  Roach Warren  
  20  2:11  Drone  
  20  2:12  Metabolic Boost  
  21  2:26  Hatchery  
  21  2:39  Hatchery  
  22  2:44  Roach  
  22  2:50  Roach  
  24  2:56  Roach  
  26  3:02  Roach  
  28  3:13  Zergling x4  
  30  3:20  Overlord  
  28  3:49  Drone x5  
  28  3:53  Drone x3  
  28  3:54  Queen  
  39  4:16  Spore Crawler  
  37  4:20  Drone x5  
  41  4:29  Overlord  
  41  4:34  Drone x2  
  42  4:40  Overlord  
  42  4:43  Drone  
  43  4:49  Lair  
  43  4:53  Drone  
  43  4:54  Drone  
  43  4:55  Drone x2  
  47  5:03  Drone x3  
  47  5:05  Extractor  
  47  5:06  Extractor  
  48  5:13  Roach x3  
  54  5:18  Overlord  
  54  5:21  Roach  
  56  5:23  Roach  
  58  5:31  Drone  
  58  5:35  Overlord  
  59  5:37  Drone x3  
  59  5:39  Drone x2  
  64  5:43  Overlord  
  64  5:45  Glial Reconstitution  
  64  5:48  Ravager  
  64  5:49  Roach  
  67  5:55  Overlord  
  67  5:59  Roach x3  
  67  6:02  Ravager  
  74  6:04  Overlord  
  74  6:13  Overlord  
  74  6:14  Roach x3  
  80  6:25  Overlord  
  80  6:32  Ravager  
  81  6:34  Roach x4  
  89  6:42  Roach  
  89  6:43  Roach, Overlord x2  
  89  6:46  Ravager  
  95  6:47  Zergling x2  
  95  6:54  Hatchery  
  95  7:00  Overlord, Ravager  
  95  7:01  Overlord  
  95  7:04  Zergling x8  
  99  7:09  Zergling x2  
  99  7:13  Ravager x2  
  102  7:24  Drone x2  
  104  7:33  Hatchery  
  103  7:42  Hatchery  
  103  7:43  Roach x9  
  103  7:44  Roach  
  123  7:48  Overlord  
  122  7:56  Roach  
  124  8:12  Overlord x2  
  124  8:17  Roach x2  
  128  8:27  Overlord x2  
  128  8:29  Roach x4  
  128  8:32  Hatchery  
  134  8:44  Overlord  
  134  8:45  Overlord  
  134  8:47  Hatchery, Roach  
  135  8:50  Ravager  
  135  8:51  Ravager x2  
  135  8:52  Overlord  
  138  8:56  Roach  
  138  9:01  Roach x6  
  150  9:20  Roach x4  
Tags
 
Add a new tag
Caveats
  • Supply blocks, unpowered buildings, or Contaminate may cause inaccurate times.
  • Supply counts are checked every 10 seconds.